 Dungeon Crawl Stone Soup version 0.31.0-11-ge490571c62 (webtiles) character file.

Game seed: 16559841841393031386

296 qw the Skirmisher (level 6, -7/35 HPs)
             Began as a Deep Elf Hunter on Feb 5, 2024.
             Mangled by a hornet (12 damage)
             ... on level 4 of the Dungeon.
             The game lasted 00:01:01 (3098 turns).

qw the Skirmisher (Deep Elf Hunter)                 Turns: 3098, Time: 00:01:01

Health: -7/35      AC:  6    Str: 10    XL:     6   Next: 12%
Magic:  8/8        EV: 13    Int: 14    God:
Gold:   167        SH:  0    Dex: 18    Spells: 5/5 levels left

rFire   . . .        a - +0 shortbow
rCold   . . .        (shield currently unavailable)
rNeg    . . .        c - +0 leather armour
rPois   .            (no helmet)
rElec   .            (no cloak)
rCorr   .            (no gloves)
SInv    .            g - +2 pair of boots
Will    .....        (no amulet)
Stlth   ++           (no ring)
HPRegen 0.25/turn    (no ring)
MPRegen 0.11/turn

%: no passive effects
@: lethally poisoned (-7 -> -11), about to teleport, slowed, very slow
A: no striking features
a: no special abilities


You were on level 4 of the Dungeon.
You visited 1 branch of the dungeon, and saw 4 of its levels.

You collected 167 gold pieces.


   Skills:
 - Level 2.0 Fighting
 + Level 9.2 Ranged Weapons
 - Level 3.1 Dodging
 - Level 1.2 Stealth


You had 5 spell levels left.
You didn't know any spells.
Your spell library was empty.

Inventory:

Hand Weapons
 a - a +0 shortbow (weapon)
Armour
 b - a +0 ring mail
 c - a +0 leather armour (worn)
 g - a +2 pair of boots (worn)
Wands
 e - a wand of iceblast (9)
Scrolls
 d - 4 scrolls of teleportation
 h - 2 scrolls of immolation {unknown}
Potions
 f - a potion of curing

Dungeon Overview and Level Annotations

Branches:
Dungeon (4/15)
 Temple: D:4-7

Altars:
Makhleb
Ru


Message History

3091 ||| ZAPPING wand of iceblast (10) at -1,-5 (hornet; floor).
Aiming: Iceblast
Press: ? - help, Q - select action, (/) - cycle Shift-Dir - straight line, f - hornet The mass of ice explodes!
The iceblast engulfs the hornet.
The hornet is lightly wounded.
The hornet buzzes angrily.
You hear a shout!
You shoot an arrow.
The arrow hits the hornet but does no damage.
The hornet is lightly wounded.
A kobold comes into view. It is wielding a +0 short sword.
You shoot an arrow.
The arrow hits the hornet but does no damage.
The hornet is lightly wounded.
The hornet barely misses you.
You shoot an arrow.
The arrow hits the hornet but does no damage.
The hornet is lightly wounded.
The hornet closely misses you.
You shoot an arrow. The arrow hits the hornet.
The hornet is moderately wounded.
The hornet stings you!
You feel yourself slow down. The hornet barely misses you.
You shoot an arrow. The arrow misses the hornet.
The hornet stings you!
You are poisoned.
You feel as though you will be slow longer.
The hornet barely misses you.
You shoot an arrow. The arrow hits the hornet.
The hornet is moderately wounded.
You feel very sick. The hornet barely misses you. The hornet stings you.
You feel as though you will be slow longer.
The hornet misses you.
3098 ||| READING 5 scrolls of teleportation.
As you read the scroll of teleportation, it crumbles to dust.
You feel strangely unstable.
You feel very sick. The hornet stings you!
You die...

#.########. ##
#####.# #. #.
...#.########.
#.
##.#.##.....#.
#.
###....##.....#.
#.
#(...####.......
#K #.##.#
#.....#.
#y##.##.#
#(....#.
#.@.....#
#######.
####.#### ## #.#
####.####
#.......#
#.##.##.#####..
#.##..........~
#.#####.####..~
#.#####.#


You could see a hornet and a kobold.

Vanquished Creatures
  A bullfrog (D:3)
  A hound (D:4)
  2 orc wizards (D:4)
  7 adders
  A ribbon worm (D:3)
  2 dart slugs (D:1)
  14 orcs
  5 ball pythons
  4 endoplasms
  A giant cockroach (D:3)
  6 goblins
  7 hobgoblins
  6 kobolds
  A quokka (D:3)
  3 bats
  2 frilled lizards (D:1)
  7 rats
70 creatures vanquished.

Notes
Turn   | Place    | Note
-------+----------+-------------------------------------------
     0 | D:1      | qw the Deep Elf Hunter began the quest for the Orb.
     0 | D:1      | Reached XP level 1. HP: 12/12 MP: 3/3
     0 | D:1      | 0 ||| qw: Version: 0.3-a-160-g6735b56
     0 | D:1      | 0 ||| qw: Game counter: 6149
     0 | D:1      | 0 ||| qw: Melee chars always use a shield: true
     0 | D:1      | 0 ||| qw: God list: Okawaru
     0 | D:1      | 0 ||| qw: Allow faded altars: false
     0 | D:1      | 0 ||| qw: Do Orc after clearing Dungeon:15 true
     0 | D:1      | 0 ||| qw: Do second Lair branch before Depths: true
     0 | D:1      | 0 ||| qw: Lair rune preference: random
     0 | D:1      | 0 ||| qw: Goals: Normal
     0 | D:1      | 0 ||| PLANNING D:1-11
   336 | D:1      | Reached XP level 2. HP: 16/16 MP: 4/4
   341 | D:1      | Reached skill level 6 in Ranged Weapons
   750 | D:1      | 750 ||| UPGRADING to +2 pair of boots.
   755 | D:1      | 755 ||| READING 4 scrolls labelled DUOVEH XAENG.
   759 | D:1      | 759 ||| READING scroll labelled ZAXIWITOCE.
   760 | D:1      | 760 ||| READING scroll labelled SUCOAWAGU.
   761 | D:1      | 761 ||| DRINKING 2 metallic cyan potions.
   762 | D:1      | 762 ||| DROPPING scroll of butterflies.
   934 | D:2      | Reached XP level 3. HP: 20/20 MP: 5/5
   988 | D:2      | Found a burning altar of Makhleb.
  1072 | D:2      | Reached skill level 7 in Ranged Weapons
  1236 | D:2      | You fall into a shaft and drop 1 floor!
  1403 | D:3      | 1403 ||| READING scroll labelled NOTRIG BARCHANG.
  1403 | D:3      | 1403 ||| IDENTIFYING metallic sapphire potion
  1404 | D:3      | 1404 ||| READING scroll labelled OFUFIR MEULYHY.
  1405 | D:3      | 1405 ||| DRINKING 2 clear potions.
  1406 | D:3      | 1406 ||| DROPPING potion of attraction.
  1407 | D:3      | 1407 ||| DROPPING potion of magic.
  1409 | D:3      | 1409 ||| Stepping ~*~*~tactically~*~*~ (cloud).
  1409 | D:3      | HP: 5/20 [poisoned by you (poison gas)]
  1410 | D:3      | 1410 ||| DRINKING 2 potions of curing.
  1410 | D:3      | 1410 ||| (to cure poison)
  1982 | D:3      | Reached XP level 4. HP: 25/25 MP: 6/6
  2066 | D:3      | Found a faded altar of an unknown god.
  2506 | D:3      | 2506 ||| READING scroll of identify.
  2506 | D:3      | 2506 ||| IDENTIFYING bubbling amethyst potion
  2507 | D:3      | 2507 ||| DROPPING potion of lignification.
  2525 | D:4      | 2525 ||| STAIRDANCE
  2531 | D:4      | Noticed a bullfrog
  2532 | D:4      | 2532 ||| STAIRDANCE
  2543 | D:4      | 2543 ||| STAIRDANCE
  2553 | D:3      | Killed a bullfrog
  2554 | D:3      | Reached skill level 8 in Ranged Weapons
  2554 | D:3      | Reached XP level 5. HP: 25/29 MP: 7/7
  2572 | D:4      | 2572 ||| STAIRDANCE
  2577 | D:4      | 2577 ||| STAIRDANCE
  2618 | D:4      | Found a sacrificial altar of Ru.
  2679 | D:4      | Reached skill level 9 in Ranged Weapons
  2686 | D:4      | 2686 ||| FLEEEEING.
  2687 | D:4      | 2687 ||| FLEEEEING.
  2712 | D:4      | Reached skill level 3 in Dodging
  2769 | D:4      | Reached XP level 6. HP: 31/35 MP: 8/8
  3090 | D:4      | Noticed a hornet
  3091 | D:4      | 3091 ||| ZAPPING wand of iceblast (10) at -1,-5 (hornet;
                  | floor).
  3097 | D:4      | HP: 8/35 [hornet (6)]
  3098 | D:4      | 3098 ||| READING 5 scrolls of teleportation.
  3098 | D:4      | Mangled by a hornet

Levels and vault maps discovered:
D:1:      eino_arrival_cavern_e, layout_basic, minmay_misc_feat_plants
D:2:      layout_basic, basic_altar
D:3:      layout_basic, shapermc_ecumenical_altar_mp_highgroup,
          hangedman_decor_points, grunt_ministairs_4, nrook_uturn
D:4:      layout_loops_cross, mainiacjoe_overflow_boulevard, serial_shops,
          nicolae_lakefront_shop

Skill      XL: |  1  2  3  4  5  6 |
---------------+-------------------+-----
Ranged Weapons | 6 7 8 9 |  9.2
Dodging        | 3 |  3.1
Fighting       | 2 |  2.0
Stealth        | |  1.2

Action                     |  1- 3 |  4- 6 || total
---------------------------+-------+-------++-------
   Fire: Shortbow          |   113 |   128 ||   241
  Evoke: Wand              |       |     1 ||     1
    Use: Scroll            |     5 |     2 ||     7
         Potion            |     3 |       ||     3
 Armour: Leather armour    |    16 |    40 ||    56
  Dodge: Dodged            |    20 |    45 ||    65

Table legend:
 A = Non-vault XP
 B = Vault XP
 C = Vault XP percentage of total XP
 D = Non-vault monster count
 E = Vault monster count
 F = Vault count percentage of total count
                 A         B        C        D         E       F
            +---------+---------+-------+---------+---------+-------
      Total |     420 |       3 |   0.7 |      68 |       2 |   2.9
            +---------+---------+-------+---------+---------+-------
        D:1 |      26 |       0 |   0.0 |      14 |       0 |   0.0
        D:2 |      46 |       0 |   0.0 |      15 |       0 |   0.0
        D:3 |     163 |       3 |   1.8 |      17 |       2 |  10.5
        D:4 |     185 |       0 |   0.0 |      22 |       0 |   0.0
            +---------+---------+-------+---------+---------+-------
